Map: Void Training Stage 2

Players

Ratl - Winner!

  • Race: Terran Terran
  • Spawn Location: 3:00

Player 2

  • Race: Zerg Zerg
  • Spawn Location: 7:00

VOD

Have the link to the VOD?

Description

Time

  • Played on: Oct. 27, 2019, 11:49 a.m.
  • Length: 14:23
Show
View Real Time Build Order
Export as new Build Order

Ratl Terran - Winner!

Build Orders:  

Get SALT Encoding   

  12  0:02  SCV  
  13  0:14  SCV  
  14  0:26  SCV, Supply Depot  
  15  0:48  SCV  
  16  0:51  Supply Depot  
  16  1:00  SCV  
  17  1:12  SCV  
  17  1:14  Supply Depot  
  17  1:18  Refinery  
  18  1:24  SCV  
  19  1:36  SCV  
  19  1:39  Barracks  
  20  1:47  Refinery  
  20  1:48  SCV  
  21  2:01  SCV  
  22  2:21  SCV  
  23  2:28  Engineering Bay  
  23  2:33  SCV  
  24  2:55  Command Center  
  24  3:19  SCV  
  25  3:29  Supply Depot  
  25  3:41  Orbital Command  
  25  3:51  Marine, Supply Depot  
  26  4:09  Marine  
  27  4:15  Supply Depot  
  27  4:18  SCV  
  28  4:27  Marine  
  28  4:30  SCV  
  30  4:34  Barracks  
  30  4:37  Supply Depot  
  30  4:40  SCV  
  30  4:42  SCV  
  32  4:54  SCV  
  33  5:01  Supply Depot  
  33  5:06  SCV  
  34  5:09  Barracks Tech Lab  
  33  5:19  SCV  
  34  5:21  Barracks  
  34  5:25  Supply Depot  
  34  5:34  Combat Shield  
  34  5:40  SCV  
  35  5:47  Supply Depot  
  35  5:53  SCV, Marine  
  37  6:03  Terran Infantry Weapons Level 1  
  37  6:05  SCV, Barracks Reactor  
  37  6:10  Barracks  
  38  6:11  Marine  
  38  6:17  SCV  
  40  6:24  Refinery  
  40  6:29  SCV, Marine  
  40  6:31  Refinery  
  42  6:37  Barracks Reactor  
  42  6:41  Marine x2, SCV  
  42  6:47  Marine  
  45  6:53  SCV, Stimpack  
  47  6:58  Marine  
  47  6:59  Marine  
  49  7:03  Marine  
  49  7:04  Marine  
  49  7:05  SCV  
  48  7:16  Marine x2  
  48  7:20  Marine  
  48  7:22  Marine  
  51  7:24  Sensor Tower  
  52  7:34  Marine x2  
  54  7:38  Marine  
  54  7:40  Marine  
  56  7:44  Ghost Academy  
  56  7:52  SCV, Marine  
  56  7:57  Hi-Sec Auto Tracking  
  56  7:58  Marine  
  59  8:10  Marine x4  
  63  8:15  Barracks Reactor  
  63  8:16  Marine  
  63  8:17  Factory  
  64  8:21  Planetary Fortress  
  64  8:27  Marine  
  64  8:28  Marine x3  
  64  8:33  Concussive Shells  
  64  8:34  Marine  
  69  8:45  Marine x2  
  69  8:46  Marine x2  
  73  8:51  Marine  
  73  8:55  Terran Infantry Armor Level 1  
  74  9:03  Marine x3  
  74  9:09  Command Center  
  77  9:10  Marine x2  
  77  9:11  Marine x2  
  81  9:20  Missile Turret  
  81  9:21  Marine  
  82  9:28  Command Center  
  82  9:42  Marine x2  
  82  9:43  Marine x5  
  82  9:44  Missile Turret  
  89  9:49  Factory Tech Lab  
  89  9:53  Personal Cloaking  
  89  10:00  Marine x3  
  89  10:01  Marine x2, Ghost  
  96  10:10  Bunker  
  96  10:19  SCV  
  97  10:29  Ghost  
  99  10:42  Bunker  
  99  10:49  SCV, Neosteel Armor  
  100  11:01  SCV  
  100  11:03  SCV  
  102  11:12  Command Center  
  102  11:13  SCV  
  102  11:15  SCV  
  104  11:19  Enhanced Shockwaves  
  104  11:25  SCV  
  105  11:27  SCV  
  106  11:37  SCV  
  106  11:39  SCV  
  108  11:41  Armory  
  108  11:49  SCV  
  108  11:51  SCV  
  110  12:01  SCV  
  110  12:03  SCV  
  110  12:05  Widow Mine  
  114  12:13  SCV  
  116  12:15  SCV  
  116  12:26  SCV, Widow Mine  
  116  12:27  SCV  
  116  12:28  SCV  
  121  12:37  Nuke  
  121  12:38  SCV  
  121  12:40  SCV  
  123  12:48  Cyclone  
  123  12:50  SCV  
  127  12:52  SCV  
  128  13:02  SCV  
  128  13:04  SCV  
  130  13:08  Refinery  
  130  13:14  SCV  
  130  13:16  SCV  
  132  13:20  Cyclone  
  134  13:42  Marine x2  
  134  13:43  Marine x5  
  144  14:00  Marine x2  
  146  14:03  SCV  
  146  14:05  SCV  
  146  14:08  SCV  
  149  14:13  Refinery  
Show
View Real Time Build Order
Export as new Build Order

Player 2 Zerg 

Build Orders: Pool First 

Get SALT Encoding   

  12  0:00  Drone  
  13  0:12  Overlord  
  13  0:18  Drone  
  14  0:30  Drone  
  14  0:35  Drone  
  16  0:43  Spawning Pool  
  16  0:46  Drone  
  16  0:49  Extractor  
  15  0:52  Drone  
  16  0:58  Overlord  
  16  1:31  Zergling x2, Queen  
  19  1:33  Roach Warren  
  19  1:35  Extractor  
  19  1:36  Drone  
  18  1:42  Drone  
  18  1:43  Zergling x2  
  20  1:54  Zergling x2  
  21  2:06  Zergling x2  
  22  2:14  Overlord  
  22  2:25  Zergling x2  
  23  2:36  Drone  
  24  2:38  Zergling x2  
  24  2:40  Drone  
  26  2:45  Drone  
  26  2:49  Drone  
  28  2:59  Roach  
  30  3:09  Drone, Overlord  
  30  3:10  Roach  
  33  3:14  Drone  
  34  6:36  Lair, Drone, Overlord  
  35  6:40  Drone  
  35  6:44  Hatchery  
  35  6:45  Drone  
  36  6:49  Drone  
  35  7:04  Zergling x2  
  28  7:22  Zergling x2  
  29  7:33  Overseer x2  
  29  7:40  Zergling x2  
  30  7:56  Drone  
  31  8:00  Drone  
  31  8:04  Drone  
  33  8:08  Extractor, Drone  
  33  8:11  Extractor  
  32  8:13  Drone  
  32  8:17  Drone  
  34  8:21  Drone  
  34  8:26  Drone  
  36  8:30  Drone  
  37  8:34  Drone  
  37  8:38  Drone  
  39  8:43  Drone  
  39  8:47  Drone  
  41  8:51  Drone  
  42  8:56  Drone  
  42  9:00  Drone  
  44  9:04  Drone  
  44  9:06  Overlord  
  44  9:08  Drone  
  46  9:13  Drone  
  47  9:17  Drone  
  47  9:21  Drone  
  49  9:26  Drone  
  49  9:30  Drone  
  51  11:43  Overseer, Roach, Pneumatized Carapace  
  51  11:44  Overlord  
  53  11:59  Hydralisk Den  
  52  12:01  Evolution Chamber  
  48  12:23  Zergling x2  
  48  12:25  Overseer  
  49  12:35  Hydralisk  
  51  12:48  Hydralisk  
  50  12:54  Overseer, Overlord  
  50  13:01  Zergling x2  
  47  13:09  Overseer  
  47  13:13  Overseer  
  47  13:14  Overlord  
  47  13:16  Overlord  
  37  13:27  Overlord  
  37  13:29  Hatchery  
  27  13:46  Spawning Pool, Overlord  
  27  13:47  Evolution Chamber  
  25  14:04  Overlord  
Tags
 
Add a new tag
Caveats
  • Supply blocks, unpowered buildings, or Contaminate may cause inaccurate times.
  • Supply counts are checked every 10 seconds.